 Dungeon Crawl Stone Soup version 0.30-b1-2-g02819fbbbe (webtiles) character file.

Game seed: 9878356008606442952

17 Arcadio the Grasshopper (level 2, -2/25 HPs)
             Began as an Armataur Warper on May 15, 2023.
             Slain by Natasha (6 damage)
             ... on level 2 of the Dungeon.
             The game lasted 00:02:29 (934 turns).

Arcadio the Grasshopper (Armataur Warper)            Turns: 934, Time: 00:02:30

Health: -2/25      AC:  4    Str: 16    XL:     2   Next: 44%
Magic:  4/4        EV:  9    Int: 13    God:
Gold:   38         SH:  0    Dex:  9    Spells: 4/4 levels left

rFire   . . .        e - +0 hand axe
rCold   . . .        (no shield)
rNeg    . . .        b - +0 leather armour
rPois   .            (no helmet)
rElec   .            (no cloak)
rCorr   .            (no gloves)
SInv    .            (no barding)
Will    .....        (no amulet)
Stlth   +            (no ring)
HPRegen 0.24/turn    (no ring)
MPRegen 0.09/turn

%: roll
@: no status effects
A: large, rugged brown scales 3, deformed body, armoured tail, roll, long
tongue, awkward tongue
a: no special abilities


You were on level 2 of the Dungeon.
You visited 1 branch of the dungeon, and saw 2 of its levels.

You collected 38 gold pieces.

Inventory:

Hand Weapons
 a - a +0 falchion
 e - a +0 hand axe (weapon)
Missiles
 d - 7 boomerangs of dispersal (quivered)
Armour
 b - a +0 leather armour (worn)
Scrolls
 c - a scroll of blinking
 f - a scroll of teleportation {unknown}
 g - a scroll of identify {unknown}
 h - a scroll of noise {unknown}
 i - a scroll of magic mapping {unknown}
 j - a scroll of poison {unknown}


   Skills:
 + Level 2.2 Fighting
 - Level 1.7 Long Blades
 + Level 1.4 Throwing
 + Level 2.0 Armour
 - Level 1.3 Dodging
 - Level 1.7 Spellcasting
 - Level 3.0 Translocations


You had 4 spell levels left.
You didn't know any spells.
Your spell library contained the following spells:

 Spells                   Type           Power      Damage    Failure   Level
 Blink                    Tloc           16%        N/A       14%         2
 Lesser Beckoning         Tloc           16%        N/A       14%         2
 Teleport Other           Tloc           8%         N/A       28%         3
 Vhi's Electric Charge    Tloc/Air       10%        N/A       45%         3
 Manifold Assault         Tloc           8%         N/A       67%         4
 Animate Armour           Summ/Erth      2%         N/A       97%         4
 Blade Hands              Tmut           0%         N/A       100%        5
 Iron Shot                Conj/Erth      0%         9d1       100%        6


Dungeon Overview and Level Annotations

Branches:
Dungeon (2/15) Zot: 11049

Altars:

Annotations:
D:2 Natasha


Innate Abilities, Weirdness & Mutations

You are completely covered in rugged brown scales. (AC +3, +7% HP)
Armour fits poorly on your strangely shaped body.
You have a long armoured tail.
You roll when moving toward enemies. (Rampage)
Your long tongue fully drains potion bottles. (2x potion effects)
Your tongue gives you trouble enunciating. (1.5x scroll delay)


Message History

The goblin is severely wounded.
You hit the quokka. The quokka barely misses you.
The goblin hits you with a +0 club. The quokka barely misses you.
You hit the quokka. You tail-slap the quokka.
You kill the quokka!
You closely miss the goblin. The goblin hits you but does no damage.
The goblin closely misses you.
Your Armour skill increases to level 2!
You slash the goblin!
You kill the goblin!
HP restored.
j - a scroll labelled ZEAPLITASHRUNK You pick up a book of Iron and begin reading...
You add the spells Animate Armour, Blade Hands and Iron Shot to your library.
A rat comes into view.
Natasha and a frilled lizard come into view.
The frilled lizard hisses angrily.
The rat closely misses you. The rat bites you but does no damage.
You hit Natasha but do no damage. You barely miss the rat. Natasha claws you.
The rat bites you.
You barely miss Natasha. You tail-slap Natasha. Your punch misses Natasha.
Natasha is moderately wounded.
You closely miss the rat. Natasha claws you. The rat bites you.
Natasha claws you. The rat bites you. Natasha claws you.
The rat bites you but does no damage.
The frilled lizard hisses.
You don't know any spells.
The frilled lizard attacks as you move away!
The frilled lizard bites you.
* * * LOW HITPOINT WARNING * * *
You hit the rat.
You kill the rat!
You closely miss Natasha. Natasha closely misses you.
You completely miss Natasha.
Natasha is moderately wounded.
You hit the frilled lizard.
You kill the frilled lizard!
Natasha claws you.
You die...

....... ....... .#.
....... .## ...
......> ######..[. ..
....... .........#
#.######.......
........# #........#
........#
##.###h.#####
........#
#...@†.......
.......#
#....#.#####.
)......# #......#
.......######....####
.....................
.......##############
.......# ########


You could see Natasha.

Vanquished Creatures
  2 endoplasms (D:1)
  A giant cockroach (D:1)
  4 goblins
  2 quokkas
  2 ball pythons (D:1)
  2 bats (D:1)
  A frilled lizard (D:2)
  A kobold (D:1)
  3 rats
18 creatures vanquished.

Notes
Turn   | Place    | Note
-------+----------+-------------------------------------------
     0 | D:1      | Arcadio the Armataur Warper began the quest for the Orb.
     0 | D:1      | Reached XP level 1. HP: 18/18 MP: 3/3
    37 | D:1      | Reached skill level 1 in Throwing
   321 | D:1      | Reached XP level 2. HP: 25/25 MP: 4/4
   927 | D:2      | Noticed Natasha
   934 | D:2      | Slain by Natasha

Illustrated notes

Levels and vault maps discovered:
D:1:      denvon_arrival_planthouse, layout_basic
D:2:      layout_rooms, minmay_misc_feat_diagonals, uniq_natasha

Skill      XL: |  1  2 |
---------------+-------+-----
Throwing       | 1 |  1.4
Fighting       | 2 |  2.2
Armour         | 2 |  2.0
Long Blades    | |  1.7
Dodging        | |  1.3
Spellcasting   | |  1.7
Translocations | |  3.0

Action                     || total
---------------------------++-------
  Melee: Hand axe          ||    47
         Falchion          ||    11
         Tailslap          ||     6
 Armour: Leather armour    ||    23
  Dodge: Dodged            ||    28
